 Dungeon Crawl Stone Soup version 0.20-a0-513-g02c11fc (webtiles) character file.

354 gamerape the Fighter (level 6, 0/83 HPs)
             Began as an Ogre Chaos Knight on Jan 22, 2017.
             Slain by an orc
             ... wielding a cursed -3 trident
              (6 damage)
             ... on level 4 of the Dungeon.
             The game lasted 00:10:37 (3314 turns).

gamerape the Fighter (Ogre Chaos Knight)            Turns: 3314, Time: 00:10:39

Health: 0/83       AC:  8    Str: 17    XL:     6   Next: 63%
Magic:  6/6        EV: 10    Int: 13    God:    Xom [...*..]
Gold:   120        SH:  0    Dex: 14    Spells: 5/5 levels left

rFire    . . .     SeeInvis .   a - +0 mace (chaos)
rCold    . . .     Gourm    .   b - +2 robe
rNeg     . . .     Faith    .   (no shield)
rPois    .         Spirit   .   r - +2 hat
rElec    .         Reflect  .   C - +0 cloak
rCorr    .         Harm     .   (gloves unavailable)
MR       .....                  (boots unavailable)
Stlth    +.........             (no amulet)
Regen    0.3/turn               (no ring)
                                i - ring of wizardry

@: no status effects
A: unfitting armour, antennae 1, agile 2, robust 1, tough skin 1
a: Renounce Religion


You were on level 4 of the Dungeon.
You worshipped Xom.
You were a favourite toy of Xom.
You were not hungry.

You visited 1 branch of the dungeon, and saw 4 of its levels.

You collected 120 gold pieces.

Inventory:

Hand Weapons
 a - a +0 mace of chaos (weapon)
Missiles
 j - 5 javelins (quivered)
Armour
 b - a +2 robe (worn)
 r - a +2 hat (worn)
 C - a +0 cloak (worn)
Magical Staves
 y - an uncursed staff of summoning {unknown}
Jewellery
 i - a ring of wizardry (left hand)
Wands
 o - a wand of random effects (0/48)
Scrolls
 d - a scroll of remove curse {unknown}
 h - 2 scrolls of teleportation
 l - 2 scrolls of blinking {unknown}
 m - a scroll of enchant armour {unknown}
 t - a scroll of fear {unknown}
 u - a scroll of fog {unknown}
 x - a scroll of recharging {unknown}
 A - a scroll of enchant weapon {unknown}
Potions
 e - 2 potions of curing {unknown}
 g - a potion of brilliance {unknown}
 k - a potion of heal wounds {unknown}
 n - a potion of lignification {unknown}
 p - a potion of invisibility {unknown}
 q - a potion of berserk rage {unknown}
 s - a potion of degeneration {unknown}
 v - a potion of might {unknown}
 w - a potion of haste {unknown}
Comestibles
 c - 2 bread rations
 f - 2 meat rations
 z - a royal jelly
 B - 2 chunks of flesh


   Skills:
 + Level 9.5 Fighting
 - Level 2.6 Maces & Flails
 - Level 2.1 Dodging


You had 5 spell levels left.
You didn't know any spells.

Dungeon Overview and Level Annotations

Branches:
Dungeon (4/15)
 Temple: D:4-7

Altars:


Innate Abilities, Weirdness & Mutations

You are too large for most types of armour.
You have tough skin. (AC +1)
You have a pair of small antennae on your head.
You are very agile. (Dex +4)
You are robust. (+10% HP)


Message History

You catch the helpless orc warrior completely off-guard!
You hit the orc warrior.
The orc warrior looks even sicker.
The orc warrior is lightly wounded.
The orc warrior stops moving altogether!
The orc misses you.
The helpless orc warrior fails to defend itself.
You hit the orc warrior.
The orc warrior is lightly wounded.
The orc closely misses you.
The helpless orc warrior fails to defend itself.
You hit the orc warrior.
The orc warrior is moderately wounded.
The orc closely misses you.
The helpless orc warrior fails to defend itself.
You hit the orc warrior but do no damage.
Nothing appears to happen.
The orc warrior is moderately wounded.
The orc hits you from afar with an enchanted trident.
You die... "What!?
That's it?"

#.....#
######.....###
####
..............
....
#######....#####.#
.................#
.................#
#.....#........$.#
#.....#..........#
#.....#....#..##@#
#.....#....#..##o#
############..##oo
#..##### #...
#...$ ###.. #.#


You could see an orc warrior (paralysed) and 2 orcs.

Vanquished Creatures
  4 orc priests (D:4)
  An orc wizard (D:3)
  Robin (D:2)
  4 gnolls (D:2)
  4 adders
  2 oozes
  A worm (D:3)
  5 dart slugs
  11 orcs
  A ball python (D:2)
  5 bats
  4 giant cockroaches
  16 goblins
  8 hobgoblins
  7 jackals
  A quokka (D:2)
  5 frilled lizards
  7 kobolds
  A leopard gecko skeleton (D:4)
  9 rats
97 creatures vanquished.

Vanquished Creatures (others)
  A bat (D:3)
1 creature vanquished.

Grand Total: 98 creatures vanquished

Notes
Turn   | Place    | Note
-------+----------+-------------------------------------------
     0 | D:1      | gamerape the Ogre Chaos Knight began the quest for the Orb.
     0 | D:1      | Reached XP level 1. HP: 24/24 MP: 1/1
   147 | D:1      | Reached XP level 2. HP: 31/33 MP: 2/2
   294 | D:1      | Reached skill level 5 in Fighting
   698 | D:2      | Reached XP level 3. HP: 36/42 MP: 3/3
   791 | D:2      | Reached skill level 6 in Fighting
   816 | D:2      | Reached XP level 4. HP: 38/52 MP: 4/4
   817 | D:2      | XOM: potion effect (curing)
   889 | D:2      | XOM: mild Hex miscast
  1126 | D:2      | Reached skill level 7 in Fighting
  1237 | D:2      | XOM: smoke on damage
  1269 | D:2      | Noticed Robin
  1279 | D:2      | Reached XP level 5. HP: 36/62 MP: 5/5
  1286 | D:2      | XOM: silly message
  1296 | D:2      | Killed Robin
  1619 | D:2      | XOM: noise
  1901 | D:3      | Reached skill level 8 in Fighting
  2045 | D:3      | XOM: mild Fire miscast
  2084 | D:3      | XOM: medium Air miscast
  2737 | D:3      | XOM: god gift: rapier {god gift}
  2750 | D:3      | XOM: give mutations
  2750 | D:3      | Gained mutation: You are robust. (+10% HP) [Xom's grace]
  2750 | D:3      | Gained mutation: You are agile. (Dex +2) [Xom's grace]
  2750 | D:3      | Gained mutation: You are very agile. (Dex +4) [Xom's grace]
  2750 | D:3      | Gained mutation: You have a pair of small antennae on your head. [Xom's grace]
  2780 | D:3      | Reached XP level 6. HP: 77/81 MP: 6/6
  2871 | D:4      | XOM: god gift: 19 sling bullets
  2875 | D:4      | Reached skill level 9 in Fighting
  3025 | D:4      | XOM: mild Hex miscast
  3070 | D:4      | XOM: fake destruction
  3304 | D:4      | Noticed an orc warrior
  3309 | D:4      | XOM: enchant monster (good)
  3314 | D:4      | Slain by an orc

Vault maps used:
D:1:      minmay_arrival_four_houses
D:2:      uniq_robin

Skill      XL: |  1  2  3  4  5  6 |
---------------+-------------------+-----
Fighting       | 5 6 7 8 9 |  9.5
Maces & Flails | |  2.6
Dodging        | |  2.1

Action                   |  1- 3 |  4- 6 || total
-------------------------+-------+-------++-------
Melee: Mace              |    70 |   244 ||   314
Throw: Javelin           |     2 |     1 ||     3
Evoke: Wand              |       |     1 ||     1
  Use: Scroll            |       |     1 ||     1
 Stab: Petrified         |       |     5 ||     5
       Petrifying        |       |     2 ||     2
  Eat: Chunk             |       |     8 ||     8
Armor: Robe              |    19 |   134 ||   153
Dodge: Dodged            |    37 |   186 ||   223
